 Dungeon Crawl Stone Soup version 0.17-a0-1479-g4041c36 (webtiles) character file.

2885 mrath the Quickloader (level 9, 0/80 HPs)
             Began as a Deep Dwarf Hunter on July 3, 2015.
             Was a Believer of the Shining One.
             Slain by a wyvern skeleton (1 damage)
             ... on level 8 of the Dungeon.
             The game lasted 02:39:30 (7745 turns).

mrath the Quickloader (Deep Dwarf Hunter)           Turns: 7745, Time: 02:39:30

Health: 0/80       AC: 18    Str: 17    XL:     9   Next: 48%
Magic:  9/9        EV: 15    Int: 12    God:    the Shining One [**....]
Gold:   73         SH:  0    Dex: 15    Spells: 0 memorised, 8 levels left

rFire  . . .     SeeInvis .     t - +3 long sword (protect)
rCold  . . .     Clarity  .     d - +3 leather armour
rNeg   + . .     SustAt   .     (no shield)
rPois  +         Gourm    .     r - +1 helmet
rElec  .         Spirit   .     B - +2 cloak {+Inv}
rCorr  .         Warding  .     h - +0 pair of gloves
rMut   .         Stasis   .     (no boots)
MR     +....                    Q - amulet of rage
Stlth  +.........               M - +4 ring of slaying
                                R - ring of poison resistance

@: non-regenerating, glowing, somewhat resistant to hostile enchantments, very
unstealthy
A: damage resistance, recharge devices, sense surroundings 2, slow healing 3
a: Device Recharging, Divine Shield, Renounce Religion, Evoke Berserk Rage,
Evoke Invisibility


You were on level 8 of the Dungeon.
You worshipped the Shining One.
The Shining One was pleased with you.
You were not hungry.

You visited 2 branches of the dungeon, and saw 9 of its levels.

You collected 305 gold pieces.
You spent 232 gold pieces at shops.

Inventory:

Hand weapons
 a - a +1 hand crossbow
 c - a +0 dagger of electrocution
 o - a +0 arbalest
 q - a +2 short sword of speed
 t - a +3 long sword of protection (weapon)
 x - a +0 hunting sling
 A - a +0 falchion of electrocution
 E - a +0 quarterstaff of crushing
 H - a +0 shortbow
 I - a +1 dagger of protection
 J - a +1 short sword of speed
Missiles
 j - 234 stones (quivered)
 u - 10 sling bullets of flame
 v - 137 arrows
 y - 11 bolts
 F - 16 arrows of frost
 G - 73 sling bullets
 T - 7 arrows of flame
Armour
 d - a +3 leather armour (worn)
 h - a +0 pair of gloves (worn)
 r - a +1 helmet (worn)
 B - a +2 cloak of invisibility (worn)
Jewellery
 l - an uncursed ring of protection from cold
 w - an uncursed ring of magical power
 K - an uncursed ring of sustain attributes
 M - a +4 ring of slaying (right hand)
 Q - an amulet of rage (around neck)
 R - a ring of poison resistance (left hand)
Magical devices
 e - a wand of heal wounds (0)
 g - a wand of digging (10)
 S - a wand of digging (11)
 V - a wand of polymorph (15)
Scrolls
 b - 5 scrolls of amnesia
 k - 10 scrolls of remove curse
 n - a scroll of identify
Potions
 z - a potion of berserk rage
Books
 i - a book of Geomancy

   Spells                             Type                      Level
   a - Sandblast                      Earth                        1
   b - Stoneskin                      Transmutation/Earth          2
   c - Passwall                       Transmutation/Earth          3
   d - Stone Arrow                    Conjuration/Earth            3
   e - Petrify                        Transmutation/Earth          4
   f - Lee's Rapid Deconstruction     Earth                        5
Comestibles
 f - 6 bread rations
 m - 4 slices of pizza
 D - 11 fruits
 O - 2 meat rations


   Skills:
 + Level 4.8 Fighting
 + Level 0.5(3.6) Short Blades
 * Level 6.4 Long Blades
 + Level 0.2(0.8) Slings
 + Level 9.0 Crossbows
 + Level 1.0 Throwing
 + Level 3.9 Armour
 + Level 6.3 Dodging
 + Level 3.2 Stealth
 + Level 0.3 Evocations


You had 8 spell levels left.
You didn't know any spells.

Dungeon Overview and Level Annotations

Branches:
Dungeon (8/15)             Temple (1/1) D:5            Lair (0/8) D:8

Altars:
Ashenzari
Cheibriados
Dithmenos
Elyvilon
Fedhas
Gozag
Kikubaaqudgha
Makhleb
Nemelex Xobeh
Okawaru
Qazlal
Ru
Sif Muna
Trog
Vehumet
Xom
Yredelemnul
Zin
The Shining One

Shops:
D:7 *


Innate Abilities, Weirdness & Mutations

You are resistant to damage.
You can recharge devices by infusing magical energy.
You passively map the area around you.
You do not heal naturally.


Message History

You feel less protected.
o - a +0 arbalest (weapon)
Wield which item (- for none, * to show all)? (? for menu, Esc to quit)
a - a +1 hand crossbow (weapon)
A wyvern skeleton comes into view.
Firing (i - inventory. (,) - cycle):
y - 12 bolts (quivered)
Press: ? - help, Shift-Dir - straight line, f - wyvern skeleton
Aim: a wyvern skeleton (haloed)
You shoot a bolt. The bolt hits the wyvern skeleton.
The wyvern skeleton bites you.
Wield which item (- for none, * to show all)? (? for menu, Esc to quit)
You feel protected!
t - a +3 long sword of protection (weapon)
You completely miss the wyvern skeleton.
The wyvern skeleton misses you.
The wyvern skeleton bites you but does no damage.
You completely miss the wyvern skeleton.
The wyvern skeleton closely misses you.
You slash the wyvern skeleton! The wyvern skeleton bites you.
You die...

*## *#.# #.# #.# #######.#
###......#*
############....#####
###....#.......@.### *
##...............Z..####
#.................(....###
.........................#*
..........................
.............#............,*
.........#...##.......####
.# ........##...###......#
**(.# # .......###..##
###.....# *#..###


You could see a wyvern skeleton.

Vanquished Creatures
  The ghost of Amnesiac the Destroyer, an experienced DEWz (D:7)
  A deep elf fighter (D:8)
  A wyvern (D:8)
  2 ice beasts
  2 ogres
  A phantom (D:6)
  An orc warrior (D:8)
  4 centaurs
  3 giant frogs (D:6)
  2 scorpions
  2 killer bees (D:8)
  A gnoll shaman (D:5)
  Crazy Yiuf (D:2)
  4 orc priests
  6 hounds
  A jelly (D:7)
  5 orc wizards
  Jessica (D:2)
  An iguana (D:7)
  2 worker ants
  8 gnolls
  4 river rats (D:8)
  7 adders
  A shadow imp (D:5)
  An ooze (D:3)
  2 worms
  2 adder skeletons
  20 orcs
  21 bats
  A bat skeleton (D:4)
  A bat zombie (D:6)
  2 giant cockroaches
  10 hobgoblins
  13 jackals
  14 kobolds
  3 quokkas
  2 ball pythons (D:2)
  6 giant geckos
  A giant gecko skeleton (D:7)
  10 giant newts
  11 goblins
  20 rats
202 creatures vanquished.

Notes
Turn   | Place    | Note
--------------------------------------------------------------
     0 | D:1      | mrath the Deep Dwarf Hunter began the quest for the Orb.
     0 | D:1      | Reached XP level 1. HP: 19/19 MP: 1/1
   159 | D:1      | Reached XP level 2. HP: 24/26 MP: 2/2
   310 | D:1      | Reached skill level 5 in Crossbows
  1020 | D:2      | Reached XP level 3. HP: 20/32 MP: 3/3
  1137 | D:2      | Noticed Crazy Yiuf
  1346 | D:2      | Reached skill level 1 in Armour
  1618 | D:2      | Noticed Jessica
  1629 | D:2      | Killed Jessica
  1629 | D:2      | Reached XP level 4. HP: 17/39 MP: 4/4
  2265 | D:3      | Reached skill level 6 in Crossbows
  2665 | D:4      | Reached XP level 5. HP: 33/45 MP: 5/5
  3056 | D:4      | Found a bloodstained altar of Trog.
  3208 | D:4      | Reached skill level 1 in Long Blades
  3562 | D:5      | Entered Level 5 of the Dungeon
  3628 | D:5      | Found a staircase to the Ecumenical Temple.
  3664 | Temple   | Entered the Ecumenical Temple
  3673 | Temple   | Became a worshipper of the Shining One
  3900 | D:5      | Reached XP level 6. HP: 34/52 MP: 6/6
  4015 | D:5      | Noticed an ice beast
  4026 | D:5      | Killed an ice beast
  4050 | D:5      | Reached XP level 7. HP: 39/61 MP: 7/7
  4376 | D:5      | Noticed a centaur
  4379 | D:5      | Killed a centaur
  4878 | D:6      | Acquired the Shining One's first power
  5098 | D:6      | Reached skill level 7 in Crossbows
  5113 | D:6      | Reached XP level 8. HP: 34/69 MP: 8/8
  5584 | D:7      | Reached skill level 5 in Dodging
  5607 | D:7      | Noticed Amnesiac's ghost (experienced DEWz)
  5648 | D:7      | Killed Amnesiac's ghost
  5648 | D:7      | Reached skill level 5 in Long Blades
  5744 | D:7      | Gained mutation: You passively map the area around you. [Deep Dwarf growth]
  5744 | D:7      | Reached XP level 9. HP: 33/79 MP: 9/9
  5761 | D:7      | Found a basalt altar of Yredelemnul.
  5785 | D:7      | Reached skill level 1 in Throwing
  5992 | D:2      | Killed Crazy Yiuf
  6376 | D:7      | Found Hacanel's Assorted Antiques.
  6385 | D:7      | Bought a scroll of enchant armour for 232 gold pieces
  6494 | D:7      | Acquired the Shining One's second power
  6740 | D:7      | Reached skill level 8 in Crossbows
  7430 | D:8      | Found a staircase to the Lair.
  7673 | D:8      | HP: 1/80 [orc warrior/dire flail (4)]
  7674 | D:8      | Reached skill level 9 in Crossbows
  7745 | D:8      | Slain by a wyvern skeleton

Vault maps used:
D:1:      lemuel_arrival_room
D:2:      first_bread, uniq_crazy_yiuf_cottage, uniq_jessica
D:3:      minmay_stone_trees_medium
D:4:      nicolae_overflow_hidden_temple
D:5:      temple_doors_e
D:7:      basic_altar, serial_shops, nicolae_shop_crystal
D:8:      grunt_lair_entry_elf_guard_hut
Temple:   nicolae_temple_no_exploring_needed

Action                   |  1- 3 |  4- 6 |  7- 9 || total
-------------------------+-------+-------+-------++-------
Melee: Short sword       |    45 |    19 |       ||    64
       Long sword        |       |   107 |   165 ||   272
       Unarmed           |       |       |     1 ||     1
       Hand crossbow     |       |       |     1 ||     1
 Fire: Hand crossbow     |    72 |    70 |   144 ||   286
       Hunting sling     |       |     5 |       ||     5
Throw: Stone             |     1 |    13 |    12 ||    26
Evoke: Wand              |       |     6 |     4 ||    10
  Use: Scroll            |     5 |     4 |     9 ||    18
       Potion            |       |       |    13 ||    13
  Eat: Chunk             |     2 |     6 |     3 ||    11
       Meat ration       |       |     1 |     1 ||     2
       Royal jelly       |       |       |     1 ||     1
       Beef jerky        |       |       |     2 ||     2
